 Dungeon Crawl Stone Soup version 0.21.1-1-g345015f (webtiles) character file.

708 Lovchig the Chopper (level 7, -9/63 HPs)
             Began as a Deep Dwarf Fighter on Feb 23, 2018.
             Was a Follower of Makhleb.
             Mangled by an ogre
             ... wielding a +0 giant club
              (20 damage)
             ... on level 4 of the Dungeon.
             The game lasted 00:08:23 (2569 turns).

Lovchig the Chopper (Deep Dwarf Fighter)            Turns: 2569, Time: 00:08:24

Health: -9/63      AC:  9    Str: 22    XL:     7   Next: 40%
Magic:  0/5        EV:  8    Int:  8    God:    Makhleb [*.....]
Gold:   116        SH: 11    Dex: 12    Spells: 6/6 levels left

rFire    . . .     SeeInvis .   a - +0 war axe
rCold    . . .     Gourm    .   c - +1 shield
rNeg     . . .     Faith    .   l - +0 chain mail
rPois    .         Spirit   +   (no helmet)
rElec    .         Reflect  .   (no cloak)
rCorr    .         Harm     .   (no gloves)
MR       +....                  (no boots)
Stlth    ..........             m - amulet of guardian spirit
HPRegen  0.00/turn              h - +1 ring of evasion
MPRegen  0.09/turn              (no ring)

@: non-regenerating
A: damage resistance, heal wounds, sense surroundings 1, no regeneration
a: Heal Wounds, Renounce Religion


You were on level 4 of the Dungeon.
You worshipped Makhleb.
Makhleb was aware of your devotion.
You were not hungry.

You visited 1 branch of the dungeon, and saw 4 of its levels.

You collected 116 gold pieces.

Inventory:

Hand Weapons
 a - a +0 war axe (weapon)
 o - a cursed -3 flail
Armour
 b - a +0 scale mail
 c - a +1 shield (worn)
 l - a +0 chain mail (worn)
Jewellery
 g - an uncursed ring of wizardry {unknown}
 h - a +1 ring of evasion (left hand)
 m - an amulet of guardian spirit (around neck)
Scrolls
 i - a scroll of amnesia
 n - 3 scrolls of remove curse
 p - 2 scrolls of fog
 r - a scroll of blinking
 s - 2 scrolls of magic mapping
 v - a scroll of teleportation
Potions
 d - a potion of might
 e - 2 potions of heal wounds
 j - a potion of berserk rage
 k - a potion of curing
 q - a potion of agility {unknown}
 u - a potion of haste {unknown}
 w - 3 potions of mutation {unknown}
Comestibles
 f - 5 rations


   Skills:
 * Level 3.8 Fighting
 * Level 5.8 Axes
 * Level 4.8 Armour
 * Level 2.7 Dodging
 * Level 5.3 Shields


You had 6 spell levels left.
You didn't know any spells.

Dungeon Overview and Level Annotations

Branches:
Dungeon (4/15)
 Temple: D:4-7

Altars:
Elyvilon
Fedhas
Hepliaklqana
Makhleb
Ru
Sif Muna
Zin

Annotations:
D:4 1 runed door


Innate Abilities, Weirdness & Mutations

You are resistant to damage.
You can heal yourself by infusing magical energy.
You passively map a small area around you.
You do not regenerate.


Message History

There is an open door here.
There is an open door here.
All of the chunks of flesh in your inventory have rotted away.
Found a sacrificial altar of Ru.
Found three altars.
Found a stone staircase leading down.
There is a blossoming altar of Fedhas here.
You now have 116 gold pieces (gained 9).
Found a stone staircase leading down.
g - a notched diamond ring
Found a leather armour.
You see here a leather armour.
An ogre comes into view. It is wielding a giant club.
The ogre shouts!
The ogre hits you with a giant club!!
* * * LOW HITPOINT WARNING * * *
You see here a ration.
You slash the ogre!
The ogre is heavily wounded.
The ogre hits you with a giant club!!
You die...

* ** ##########.#.# * ,
..........#
##################...# *
* ..........########..>#
, , *
########...........#.#,*
* #..########.#.# #..#
###.# ,,
#..##########.#* *
#..[...@O......, ,
#.##########.##** , #.#
, #.# #. * , #. * * ,
#., , , * *


You could see an ogre.

Vanquished Creatures
  Sigmund (D:4)
  A howler monkey (D:4)
  A crimson imp (D:3)
  The ghost of letownia2 the Conjurer, a weakling GrWz (D:3)
  A hound (D:4)
  An iguana (D:4)
  3 orc wizards
  Terence (D:2)
  3 worker ants (D:4)
  6 adders
  4 gnolls (D:2)
  3 oozes
  2 dart slugs
  4 leopard geckos
  11 orcs
  4 giant cockroaches
  6 hobgoblins
  8 jackals
  2 quokkas (D:4)
  9 bats
  5 frilled lizards
  7 goblins
  5 kobolds
  5 rats
94 creatures vanquished.

Notes
Turn   | Place    | Note
-------+----------+-------------------------------------------
     0 | D:1      | Lovchig the Deep Dwarf Fighter began the quest for the Orb.
     0 | D:1      | Reached XP level 1. HP: 20/20 MP: 1/1
   141 | D:1      | Reached XP level 2. HP: 20/27 MP: 2/2
   530 | D:1      | Reached XP level 3. HP: 14/34 MP: 3/3
   754 | D:2      | Noticed Terence
   767 | D:2      | Killed Terence
   767 | D:2      | Reached skill level 1 in Dodging
   767 | D:2      | Reached XP level 4. HP: 37/42 MP: 0/4
   958 | D:2      | Reached XP level 5. HP: 19/49 MP: 0/5
  1356 | D:2      | Found a burning altar of Makhleb.
  1356 | D:2      | Noticed an Executioner
  1359 | D:2      | Noticed a neqoxec
  1359 | D:2      | Noticed a hellwing
  1361 | D:2      | Became a worshipper of Makhleb the Destroyer
  1453 | D:3      | Noticed letownia2's ghost (weakling GrWz)
  1465 | D:3      | Killed letownia2's ghost
  1610 | D:3      | Reached XP level 6. HP: 15/56 MP: 0/6
  1888 | D:3      | Found a glowing silver altar of Zin.
  1921 | D:3      | Found a deep blue altar of Sif Muna.
  2099 | D:4      | Reached * piety under Makhleb
  2112 | D:4      | Reached skill level 5 in Axes
  2132 | D:4      | Noticed Sigmund
  2150 | D:4      | Killed Sigmund
  2150 | D:4      | Reached skill level 5 in Shields
  2150 | D:4      | Reached XP level 7. HP: 43/63 MP: 0/5
  2315 | D:4      | Found a runed door.
  2504 | D:4      | Found a sacrificial altar of Ru.
  2507 | D:4      | Found a blossoming altar of Fedhas.
  2507 | D:4      | Found a white marble altar of Elyvilon.
  2507 | D:4      | Found a hazy altar of Hepliaklqana.
  2569 | D:4      | Mangled by an ogre

Skill      XL: |  1  2  3  4  5  6 |
---------------+-------------------+-----
Fighting       | 3 |  3.8
Axes           | 3 4 5 |  5.8
Armour         | 4 |  4.8
Dodging        | 1 2 |  2.7
Shields        | 4 5 |  5.3

Action                   |  1- 3 |  4- 6 |  7- 9 || total
-------------------------+-------+-------+-------++-------
Melee: War axe           |   110 |   172 |    30 ||   312
 Abil: Heal Wounds       |     1 |     3 |       ||     4
  Use: Scroll            |     4 |     7 |       ||    11
  Eat: Chunk             |       |     4 |     2 ||     6
Armor: Scale mail        |    61 |       |       ||    61
       Chain mail        |       |   117 |    11 ||   128
Dodge: Dodged            |    45 |    70 |     6 ||   121
Block: Shield            |    67 |   161 |    19 ||   247
